[Event "*** Titled Tuesday Blitz"]
[Site "Chess.com"]
[Date "2021.02.02"]
[Round "1"]
[White "Vaathi_Coming"]
[Black "banane_verte"]
[Result "1-0"]
[WhiteElo "2833"]
[BlackElo "2427"]
[TimeControl "180+1"]
[EndTime "10:04:30 PST"]
[Termination "Vaathi_Coming won by resignation"]

1. Nf3 Nf6 2. b3 d5 3. Bb2 c5 4. e3 e6 5. Be2 Bd6 6. O-O O-O 7. d4 Nc6 8. Nbd2 b6 9. c4 Bb7 10. Rc1 Rc8 11. Qc2 Qe7 12. Qb1 e5 13. cxd5 Nxd5 14. dxc5 Bxc5 15. Ne4 Ba3 16. Bxa3 Qxa3 17. Nfg5 f5 18.
Bc4 Na5 19. Bxd5+ Bxd5 20. Rxc8 Rxc8 21. Ng3 g6 22. Nxf5 gxf5 23. Qxf5 Rc7 24. Qxe5 Bf7 25. Qxc7 1-0

[Event "*** Titled Tuesday Blitz"]
[Site "Chess.com"]
[Date "2021.02.02"]
[Round "1"]
[White "Lysiak_Poltorak"]
[Black "sergiochess83"]
[Result "0-1"]
[WhiteElo "2442"]
[BlackElo "2862"]
[TimeControl "180+1"]
[EndTime "10:04:31 PST"]
[Termination "sergiochess83 won by resignation"]

1. d4 Nf6 2. c4 g6 3. f3 c5 4. d5 d6 5. e4 e6 6. Nc3 Bg7 7. Nge2 O-O 8. Ng3 a6 9. Be2 exd5 10. cxd5 b5 11. Nf1 Nbd7 12. Ne3 Nh5 13. O-O Nf4 14.
g3 Nxe2+ 15. Qxe2 Re8 16. a4 b4 17. Ncd1 a5 18. Nc4 Ba6 19. Nde3 Nb6 20. Ra2 b3 21. Ra3 Bd4 22. Rxb3 Bxc4 0-1

[Event "*** Titled Tuesday Blitz"]
[Site "Chess.com"]
[Date "2021.02.02"]
[Round "1"]
[White "starplatinum2030"]
[Black "FedaMaster"]
[Result "0-1"]
[WhiteElo "2048"]
[BlackElo "2497"]
[TimeControl "180+1"]
[EndTime "10:04:37 PST"]
[Termination "FedaMaster won by resignation"]

1. e4 d5 2. exd5 Qxd5 3. Nc3 Qd6 4. d4 Nf6 5. Nge2 Bg4 6. f3 Bf5 7. Bf4 Qb6 8. Qd2 Nc6 9. O-O-O O-O-O 10. Na4 Qb5 11.
Nec3 Qa5 12. Qf2 e6 13. Bb5 Nb4 14. Bd3 Bxd3 15. cxd3 Nxa2+ 16. Nxa2 Qxa4 17. Kb1 Nd5 18. Bg3 Bb4 19. Rc1 Ba5 20. Rc4 Qb3 21. Qc2 Qxc2+ 22.
Rxc2 c6 23. Nc3 Nb4 24. Rd2 Rxd4 25. Be5 Rxd3 26. Rxd3 Nxd3 27. Bxg7 Rg8 28. Kc2 Nb4+ 0-1

[Event "*** Titled Tuesday Blitz"]
[Site "Chess.com"]
[Date "2021.02.02"]
[Round "1"]
[White "Boninknights"]
[Black "ChristopherYoo"]
[Result "0-1"]
[WhiteElo "2446"]
[BlackElo "2869"]
[TimeControl "180+1"]
[EndTime "10:04:39 PST"]
[Termination "ChristopherYoo won by resignation"]

1. d4 g6 2. Bg5 Bg7 3. c3 h6 4.
Bh4 d6 5. Nd2 Nc6 6. e4 g5 7. Bg3 e5 8. d5 Nce7 9. h4 g4 10. h5 f5 11. Bh4 Nf6 12. Bxf6 Bxf6 13. Be2 g3 14. fxg3 Rg8 15. Bb5+ c6 16. dxc6 bxc6 17.
Ba4 Rxg3 18. Nc4 Ba6 19. Nxd6+ Kf8 20. Ne2 Rxg2 21. c4 Qb6 22. Rf1 Bh4+ 23. Kd2 Qxb2+ 24.
Qc2 Qb4+ 25. Kc1 Bg5+ 0-1

[Event "*** Titled Tuesday Blitz"]
[Site "Chess.com"]
[Date "2021.02.02"]
[Round "1"]
[White "Mikhail_Golubev"]
[Black "picturesquecheck"]
[Result "1-0"]
[WhiteElo "2526"]
[BlackElo "2198"]
[TimeControl "180+1"]
[EndTime "10:04:40 PST"]
[Termination "Mikhail_Golubev won by resignation"]

1. e4 c5 2. Nf3 e6 3. d4 cxd4 4. Nxd4 Nf6 5. Nc3 d6 6. Bc4 Be7 7. Bb3 O-O 8. Be3 Na6 9. f4 Nc5 10. Qf3 b6 11. Nc6 Qc7 12. Nxe7+ Qxe7 13. e5 Nd5 14. Bxd5 exd5 15. Nxd5 Qb7 16. exd6 Re8 17. Ne7+ Kh8 18. Bxc5 bxc5 19. O-O Qxf3 20. Rxf3 Bb7 21. Rc3 Rad8 22. Re1 g6 23. Rxc5 Kg7 24. Rc7 Bd5 25. Rd1 Bxa2 26. b3 a5 27. Nc6 Ra8 28. d7 1-0

[Event "*** Titled Tuesday Blitz"]
[Site "Chess.com"]
[Date "2021.02.02"]
[Round "1"]
[White "FMJoseHerrera"]
[Black "CraiggoryC"]
[Result "1-0"]
[WhiteElo "2506"]
[BlackElo "2115"]
[TimeControl "180+1"]
[EndTime "10:04:43 PST"]
[Termination "FMJoseHerrera won by resignation"]

1. Nf3 Nf6 2. g3 g6 3. Bg2 Bg7 4. d3 O-O 5. Nc3 c5 6. h4 h5 7. Bg5 d6 8. Qd2 Nbd7 9. O-O Rb8 10. Bh6 b5 11. Bxg7 Kxg7 12. Ng5 b4 13. Nd1 Bb7 14. e4 d5 15. f3 e5 16. Ne3 Re8 17. Rae1 d4 18.
Nc4 Nb6 19. Na5 Ba8 20. f4 Nbd7 21. Nc4 Ng4 22. f5 Nb6 23. fxg6 f6 24. Nf7 Qe7 25.
Ncd6 Ne3 26. Rxe3 dxe3 27. Qxe3 Rh8 28. Nf5+ 1-0

[Event "*** Titled Tuesday Blitz"]
[Site "Chess.com"]
[Date "2021.02.02"]
[Round "1"]
[White "motivated_bishop"]
[Black "Fighterman91"]
[Result "1-0"]
[WhiteElo "2387"]
[BlackElo "2657"]
[TimeControl "180+1"]
[EndTime "10:04:46 PST"]
[Termination "motivated_bishop won by resignation"]

1. d4 Nf6 2. c4 g6 3. Nc3 d5 4.
Nf3 Bg7 5. cxd5 Nxd5 6. Na4 Nb6 7.
e4 Nxa4 8. Qxa4+ c6 9. Be3 O-O 10. Be2 Bg4 11. O-O Nd7 12. Rfd1 Nf6 13. Qc2 Qa5 14. h3 Bxf3 15. Bxf3 e5 16. d5 cxd5 17. exd5 Rfd8 18. d6 Rac8 19. Qb3 e4 20. Be2 b6 21.
Bc4 Rd7 22. Rac1 h6 23. Bxf7+ 1-0

[Event "*** Titled Tuesday Blitz"]
[Site "Chess.com"]
[Date "2021.02.02"]
[Round "1"]
[White "Nastya_Rakhmangulova"]
[Black "WonderChampion"]
[Result "1-0"]
[WhiteElo "2498"]
[BlackElo "2067"]
[TimeControl "180+1"]
[EndTime "10:04:54 PST"]
[Termination "Nastya_Rakhmangulova won by resignation"]

1. e4 c5 2. Nf3 g6 3. c3 Nf6 4. Bd3 Bg7 5. Bc2 O-O 6. O-O Nc6 7. d4 cxd4 8. cxd4 d5 9. e5 Ne8 10. Bg5 f6 11. exf6 exf6 12. Be3 Bg4 13. h3 Be6 14. Nc3 Nd6 15. Re1 Nc4 16. Bf4 Bf7 17. b3 Nd6 18. Rc1 a6 19. Na4 Nb5 20. Nc5 b6 21. Ne6 Bxe6 22.
Rxe6 Qd7 23. Bf5 gxf5 24. Rexc6 Qb7 25. Rc7 Nxc7 26. Rxc7 Qb8 27. Rxg7+ Kxg7 28. Bxb8 Raxb8 29. Qd3 f4 30. Qxa6 Rfe8 31. Qa7+ Kg8 32. Nh4 Rf8 33. Nf5 Rf7 34. Qxb8+ Rf8 35. Qb7 Rf7 36. Nh6+ 1-0

[Event "*** Titled Tuesday Blitz"]
[Site "Chess.com"]
[Date "2021.02.02"]
[Round "1"]
[White "strelec64"]
[Black "Synctel"]
[Result "1-0"]
[WhiteElo "2494"]
[BlackElo "2008"]
[TimeControl "180+1"]
[EndTime "10:04:55 PST"]
[Termination "strelec64 won by resignation"]

1. d4 Nf6 2. Nf3 d5 3. c4 c6 4.
Nc3 e6 5. e3 Nbd7 6. Bd3 dxc4 7. Bxc4 b5 8. Bd3 Bb7 9. O-O a6 10. e4 c5 11. d5 c4 12. Bc2 Nc5 13. Qe2 Be7 14. Be3 O-O 15. Rad1 b4 16. dxe6 Qc7 17. exf7+ Rxf7 18. Nd5 Nxd5 19. exd5 a5 20. d6 Bxd6 21. Ng5 Bxh2+ 22. Kh1 Re7 23. Qxc4+ Kh8 24. Qh4 1-0

[Event "*** Titled Tuesday Blitz"]
[Site "Chess.com"]
[Date "2021.02.02"]
[Round "1"]
[White "fabianvivasz"]
[Black "Frolyanov_D"]
[Result "0-1"]
[WhiteElo "2295"]
[BlackElo "2599"]
[TimeControl "180+1"]
[EndTime "10:04:58 PST"]
[Termination "Frolyanov_D won on time"]

1. e4 c5 2. Nc3 e6 3. Nf3 a6 4.
d4 cxd4 5. Nxd4 Qc7 6. Bd3 b5 7. O-O Nf6 8. Re1 d6 9. Bg5 Nbd7 10. Nd5 exd5 11. exd5+ Ne5 12. f4 Bb7 13. fxe5 dxe5 14. c4 Bc5 15. Bf5 Kf8 16. Bxf6 Bxd4+ 17. Kh1 gxf6 18.
Qh5 bxc4 0-1

[Event "*** Titled Tuesday Blitz"]
[Site "Chess.com"]
[Date "2021.02.02"]
[Round "1"]
[White "AlexTriapishko"]
[Black "ozates"]
[Result "1-0"]
[WhiteElo "2914"]
[BlackElo "2466"]
[TimeControl "180+1"]
[EndTime "10:05:02 PST"]
[Termination "AlexTriapishko won by resignation"]

1. Nf3 c5 2. c4 Nc6 3. Nc3 Nd4 4. e3 Nxf3+ 5. Qxf3 g6 6. d4 Bg7 7. Bd3 cxd4 8.
exd4 Bxd4 9. O-O Bg7 10. Nd5 Nf6 11. Nxf6+ Bxf6 12. Bh6 e6 13. c5 Qe7 14. Rfd1 Bg5 15.
Bg7 Rg8 16. Be5 f5 17. Bd6 Qf7 18. Ba6 Be7 19. Bxb7 Bxb7 20. Qxb7 Rd8 21. Bc7 Bxc5 22. Bxd8 Kxd8 23. Rac1 Bb6 24. Rc8+ 1-0

[Event "*** Titled Tuesday Blitz"]
[Site "Chess.com"]
[Date "2021.02.02"]
[Round "1"]
[White "Marcin"]
[Black "CoachHakia"]
[Result "1-0"]
[WhiteElo "2516"]
[BlackElo "2145"]
[TimeControl "180+1"]
[EndTime "10:05:02 PST"]
[Termination "Marcin won by resignation"]

1. d4 Nf6 2. c4 e6 3. Nf3 b6 4. g3 Bb7 5. Bg2 d6 6. O-O Be7 7. Nc3 Nbd7 8. Qc2 O-O 9. e4 c5 10.
d5 e5 11. Ne1 Ne8 12. Nd3 g6 13. f4 f5 14. fxe5 Nxe5 15. Nxe5 dxe5 16. exf5 gxf5 17. Rxf5 Ng7 18. Rxf8+ Bxf8 19. Be3 Bc8 20. Rf1 Rb8 21. Be4 h5 22. Bh7+ Kh8 23. Bg6 h4 24. Ne4 b5 25.
Bg5 Be7 26. Bxe7 Qxe7 27. Rf7 Qd8 28. Qd2 1-0

[Event "*** Titled Tuesday Blitz"]
[Site "Chess.com"]
[Date "2021.02.02"]
[Round "1"]
[White "Machidon"]
[Black "cukin84"]
[Result "1-0"]
[WhiteElo "2513"]
[BlackElo "2134"]
[TimeControl "180+1"]
[EndTime "10:05:02 PST"]
[Termination "Machidon won by resignation"]

1. d4 f5 2. g3 Nf6 3. Bg2 g6 4. c4 Bg7 5. Nc3 O-O 6. Nh3 d6 7. Nf4 Nc6 8. d5 Ne5 9. b3 c6 10. O-O g5 11. Nd3 h6 12. Nxe5 dxe5 13. dxc6 e4 14. cxb7 Bxb7 15. Qxd8 Raxd8 16. Ba3 Kf7 17. Rad1 Ng4 18. Nd5 Rd7 19. f3 exf3 20. exf3 Bxd5 21. fxg4 Bxg2 22. Rxf5+ Ke6 23. Re1+ 1-0

[Event "*** Titled Tuesday Blitz"]
[Site "Chess.com"]
[Date "2021.02.02"]
[Round "1"]
[White "harvsp123"]
[Black "Kale36"]
[Result "0-1"]
[WhiteElo "2566"]
[BlackElo "2295"]
[TimeControl "180+1"]
[EndTime "10:05:03 PST"]
[Termination "Kale36 won on time"]

1. e4 Nc6 2. Nf3 d6 3. Bb5 a6 4. Ba4 b5 5. Bb3 Nf6 6. d3 Bg4 7. c3 e6 8. Nbd2 Be7 9. h3 Bh5 10. Nf1 O-O 11. Ng3 Bg6 12. Qe2 Na5 13. Bc2 c5 14. O-O Nc6 15. Bd2 Qc7 16. Rfe1 Rfe8 17.
Rac1 Rad8 18. Bf4 e5 19. Be3 Bf8 20. Nh4 d5 21. Nhf5 d4 22. Bd2 Bxf5 23. Nxf5 g6 0-1

[Event "*** Titled Tuesday Blitz"]
[Site "Chess.com"]
[Date "2021.02.02"]
[Round "1"]
[White "noblerone"]
[Black "bocah_sakit"]
[Result "0-1"]
[WhiteElo "2425"]
[BlackElo "2825"]
[TimeControl "180+1"]
[EndTime "10:05:04 PST"]
[Termination "bocah_sakit won by resignation"]

1. d4 Nf6 2. Nf3 g6 3. Bg5 Bg7 4. Nbd2 O-O 5. c3 d6 6. e4 c5 7.
dxc5 dxc5 8. Bc4 Nc6 9. O-O h6 10. Bh4 Nh5 11. h3 Qc7 12. Re1 g5 13. Nh2 Nf4 14. Bg3 b6 15. Bxf4 Qxf4 16. Ndf1 Bb7 17. Qf3 Ne5 18. Qxf4 gxf4 19. Bb3 Nd3 20. Re2 Nxb2 21.
Rxb2 Bxc3 22. Rab1 Bxb2 23. Rxb2 Bxe4 24. Nd2 Bc6 25. Ng4 Kg7 26. Nf3 Bxf3 27. gxf3 f6 28. Re2 e5 29. Nh2 Rad8 30. Nf1 b5 31. Nd2 c4 32.
Bc2 Rd4 33. Ne4 Rfd8 34. Kf1 b4 35. Nc5 Kf7 36. Bf5 Rd1+ 37. Kg2 Rg8+ 38. Kh2 Rgg1 0-1

[Event "*** Titled Tuesday Blitz"]
[Site "Chess.com"]
[Date "2021.02.02"]
[Round "1"]
[White "Iball95"]
[Black "TheCastleHunter"]
[Result "1-0"]
[WhiteElo "2608"]
[BlackElo "2309"]
[TimeControl "180+1"]
[EndTime "10:05:04 PST"]
[Termination "Iball95 won by resignation"]

1. e4 e5 2. Nf3 Nc6 3. Nc3 d6 4. d4 Nf6 5. Bb5 Bd7 6. O-O exd4 7. Nxd4 Nxd4 8. Bxd7+ Qxd7 9. Qxd4 Be7 10. Bg5 O-O 11. Rad1 Qe6 12. Rfe1 h6 13. Bh4 Rad8 14. Nd5 c6 15.
Nxe7+ Qxe7 16. Qxa7 Ra8 17. Qd4 Rxa2 18. e5 Re8 19. f4 c5 20. Qc4 1-0

[Event "*** Titled Tuesday Blitz"]
[Site "Chess.com"]
[Date "2021.02.02"]
[Round "1"]
[White "Kovalchuk94"]
[Black "Abdimalik_Abdisalimov"]
[Result "1-0"]
[WhiteElo "2634"]
[BlackElo "2336"]
[TimeControl "180+1"]
[EndTime "10:05:05 PST"]
[Termination "Kovalchuk94 won by resignation"]

1. e4 e5 2. Nf3 Nc6 3. Bb5 Nf6 4. O-O Nxe4 5. Re1 Nd6 6. Nxe5 Be7 7. Bf1 Nxe5 8. Rxe5 O-O 9. d4 Bf6 10. Re1 Re8 11.
Rxe8+ Qxe8 12. d5 b6 13. Nc3 Bb7 14. Bf4 Be5 15. Qd2 Bxf4 16. Qxf4 Qe7 17. Rd1 Re8 18.
g3 Qe5 19. Qxe5 Rxe5 20. f4 Re8 21. Kf2 Ne4+ 22. Nxe4 Rxe4 23. d6 cxd6 24. Bg2 Re2+ 25. Kxe2 Bxg2 26. Rxd6 Bc6 27. Ke3 Kf8 28. c4 Ke7 29.
Rd2 d6 30. b4 f5 31. a3 a6 32. Kd4 h6 33. c5 bxc5+ 34. bxc5 dxc5+ 35. Kxc5 Bb5 36. Rd6 g5 37. Rxh6 gxf4 38. gxf4 Kf7 39. Kd5 Kg7 40. Rb6 Bd3 41. Ke5 Kf7 42. Rf6+ Kg7 43.
Rxf5 1-0

[Event "*** Titled Tuesday Blitz"]
[Site "Chess.com"]
[Date "2021.02.02"]
[Round "1"]
[White "anon569"]
[Black "MatyChess1"]
[Result "0-1"]
[WhiteElo "2285"]
[BlackElo "2587"]
[TimeControl "180+1"]
[EndTime "10:05:07 PST"]
[Termination "MatyChess1 won by resignation"]

1. e4 c5 2. Nf3 d6 3. d4 cxd4 4.
Nxd4 Nf6 5. Nc3 a6 6. Bg5 e6 7. f4 Be7 8. Qf3 Nbd7 9. O-O-O Qc7 10. g4 h6 11. Bxf6 Bxf6 12. h4 Nb6 13. g5 Be7 14. Kb1 Bd7 15. Bg2 O-O-O 16. Qe2 Nc4 17. Nb3 Kb8 18. Bf3 Rc8 19. Qf2 Nxb2 20. Kxb2 Qxc3+ 21.
Kb1 Bb5 22. Qd2 Qxf3 0-1

[Event "*** Titled Tuesday Blitz"]
[Site "Chess.com"]
[Date "2021.02.02"]
[Round "1"]
[White "MoreChessJulia"]
[Black "DiogenesSinopeus"]
[Result "0-1"]
[WhiteElo "2148"]
[BlackElo "2516"]
[TimeControl "180+1"]
[EndTime "10:05:09 PST"]
[Termination "DiogenesSinopeus won by checkmate"]

1. d4 Nf6 2. Bg5 e6 3. Nd2 Nc6 4. e3 b6 5. f4 Bb7 6. Ngf3 h6 7. Bxf6 Qxf6 8. Bd3 Nb4 9. O-O Nxd3 10. cxd3 Qd8 11. e4 g6 12. Nc4 Bg7 13. Ne3 O-O 14. h4 f5 15. e5 Bxf3 16. Qxf3 Qxh4 17. Qb7 Qd8 18.
Rac1 c6 19. Qa6 g5 20. Nc4 gxf4 21. Rxf4 Qg5 22. Rcf1 Kh8 23. Nd6 Qe7 24. Qa4 Rg8 25. Qd1 Bf8 26. R1f3 Qg7 27. Nc4 Qxg2# 0-1

[Event "*** Titled Tuesday Blitz"]
[Site "Chess.com"]
[Date "2021.02.02"]
[Round "1"]
[White "Hongjin"]
[Black "WilliamSchill"]
[Result "1-0"]
[WhiteElo "2486"]
[BlackElo "1971"]
[TimeControl "180+1"]
[EndTime "10:05:11 PST"]
[Termination "Hongjin won on time"]

1. e4 c5 2. Nf3 Nc6 3. Bb5 Nf6 4. Nc3 g6 5. O-O Bg7 6. d3 O-O 7. Re1 Nd4 8. Nxd4 cxd4 9. Ne2 e5 10. c3 dxc3 11. bxc3 d5 12. Ba3 dxe4 13. Bxf8 Qxf8 14. dxe4 Nxe4 15. Qc2 Nd6 16. Bd3 b6 17. Ng3 Bb7 18. Ne4 Rc8 19. Rad1 Nxe4 20. Bxe4 Bxe4 21. Qxe4 Qa3 22. Qb7 Qxc3 23. Qxa7 b5 24. h3 Qc6 25. Qa3 Ra8 26. Qb3 Qc4 27. Qxc4 bxc4 28. Rc1 Rxa2 29. Rxc4 Ra8 30. Rd1 1-0

[Event "*** Titled Tuesday Blitz"]
[Site "Chess.com"]
[Date "2021.02.02"]
[Round "1"]
[White "Fandorine"]
[Black "Flopezin"]
[Result "1-0"]
[WhiteElo "2818"]
[BlackElo "2419"]
[TimeControl "180+1"]
[EndTime "10:05:12 PST"]
[Termination "Fandorine won by resignation"]

1. d4 Nf6 2. c4 e6 3. Nf3 c5 4.
g3 d5 5. cxd5 Nxd5 6. Bg2 Be7 7.
O-O O-O 8. dxc5 Bxc5 9. a3 a5 10.
Qc2 b6 11. Rd1 Qe7 12. Ng5 g6 13. Nc3 Bb7 14. Nge4 Nxc3 15. Qxc3 Bxe4 16. Bxe4 Ra7 17. Bh6 f6 18. Bxf8 Kxf8 19. e3 Nd7 20. b4 axb4 21. axb4 Rxa1 22. Rxa1 Bxb4 23. Qc8+ Qe8 24. Qc7 Nc5 25.
Ra8 1-0

[Event "*** Titled Tuesday Blitz"]
[Site "Chess.com"]
[Date "2021.02.02"]
[Round "1"]
[White "Tpros"]
[Black "Nachsueb"]
[Result "1-0"]
[WhiteElo "2519"]
[BlackElo "2172"]
[TimeControl "180+1"]
[EndTime "10:05:12 PST"]
[Termination "Tpros won by resignation"]

1. d4 Nf6 2. e3 d5 3. Be2 Nc6 4. b3 e5 5. dxe5 Nxe5 6. Nf3 Bd6 7. Bb2 Qe7 8. Nbd2 O-O 9. Nxe5 Bxe5 10. Bxe5 Qxe5 11. O-O Bf5 12. c4 Rad8 13. Qc1 c6 14.
Nf3 Qe7 15. Rd1 Ne4 16. Qb2 Qf6 17. Qxf6 Nxf6 18. h3 Rfe8 19. Rac1 dxc4 20. Bxc4 Kf8 21.
g4 Be4 22. Ng5 Bd5 23. Bxd5 Nxd5 24. Nxh7+ Ke7 25. Ng5 Rh8 26. Kg2 Nb4 27. a3 Nd3 28. Rb1 Ne5 29. Kg3 f6 30. Ne4 b6 31. b4 Rc8 32.
Rbc1 Nd7 33. h4 a5 34. h5 axb4 35. axb4 Ne5 36. Rc3 Rhf8 37. Nd6 Rc7 38. Nf5+ Kf7 39. Rdc1 Rfc8 40. Nd6+ Ke6 41. Nxc8 Rxc8 42. f4 1-0

[Event "*** Titled Tuesday Blitz"]
[Site "Chess.com"]
[Date "2021.02.02"]
[Round "1"]
[White "Yaacovn"]
[Black "manmanlai1"]
[Result "1-0"]
[WhiteElo "2882"]
[BlackElo "2453"]
[TimeControl "180+1"]
[EndTime "10:05:13 PST"]
[Termination "Yaacovn won by resignation"]

1. d4 Nf6 2. e3 e6 3. Bd3 c5 4.
c3 b6 5. f4 Bb7 6. Nf3 Nc6 7.
O-O Rc8 8. e4 cxd4 9. cxd4 Nb4 10. Nc3 Nxd3 11. Qxd3 Bb4 12. e5 Nd5 13. Ne4 h6 14.
Bd2 Be7 15. Ng3 d6 16. f5 O-O 17. f6 gxf6 18. Bxh6 f5 19. Nxf5 exf5 20. Qxf5 Bf6 21.
Qg4+ Kh7 22. Bxf8 Qxf8 23. exf6 Nxf6 24. Ng5+ Kg6 25. Rxf6+ Kxf6 26. Rf1+ 1-0

[Event "*** Titled Tuesday Blitz"]
[Site "Chess.com"]
[Date "2021.02.02"]
[Round "1"]
[White "Thjop"]
[Black "Fischerev7"]
[Result "1-0"]
[WhiteElo "2674"]
[BlackElo "2361"]
[TimeControl "180+1"]
[EndTime "10:05:16 PST"]
[Termination "Thjop won by resignation"]

1. e4 c5 2. Nf3 d6 3. g3 Nf6 4.
d3 g6 5. Bg2 Bg7 6. O-O O-O 7.
Nc3 Nc6 8. h3 Rb8 9. a4 a6 10.
Be3 h6 11. Qd2 Kh7 12. Nh4 e5 13. f4 exf4 14. gxf4 Ng4 15. hxg4 Qxh4 16. f5 Be5 17. Bf3 gxf5 18. exf5 Bxf5 19. Qf2 Bg3 20. Qg2 Bxg4 21. Bxg4 Qxg4 22. Ne4 Bh2+ 23. Kxh2 Qh5+ 24. Qh3 1-0

[Event "*** Titled Tuesday Blitz"]
[Site "Chess.com"]
[Date "2021.02.02"]
[Round "1"]
[White "hansen"]
[Black "kakakz"]
[Result "1-0"]
[WhiteElo "2897"]
[BlackElo "2457"]
[TimeControl "180+1"]
[EndTime "10:05:21 PST"]
[Termination "hansen won on time"]

1. e4 d6 2. d4 Nd7 3. Nf3 g6 4. Bc4 e6 5. c3 Bg7 6. O-O a6 7.
Re1 b5 8. Bd3 Ne7 9. a4 bxa4 10.
Nbd2 O-O 11. Nc4 Nb6 12. Nxb6 cxb6 13. Qxa4 Bb7 14. Bf4 b5 15. Qa3 d5 16. e5 Nc6 17.
Bg5 Qb6 18. h4 b4 19. Qa4 a5 20. h5 Rfc8 21. Nh2 Ba6 22. Qd1 bxc3 23. bxc3 Bxd3 24. Qxd3 Qa6 25. Qh3 a4 26. Ng4 a3 27. Nf6+ Bxf6 28. Bxf6 1-0

[Event "*** Titled Tuesday Blitz"]
[Site "Chess.com"]
[Date "2021.02.02"]
[Round "1"]
[White "Alexander_Moskalenko"]
[Black "profofchess"]
[Result "1-0"]
[WhiteElo "2791"]
[BlackElo "2411"]
[TimeControl "180+1"]
[EndTime "10:05:21 PST"]
[Termination "Alexander_Moskalenko won on time"]

1. e4 e6 2. d3 c5 3. Nd2 Nc6 4.
Ngf3 g6 5. g3 Bg7 6. Bg2 d6 7.
O-O Nge7 8. Re1 O-O 9. c3 e5 10. a3 a5 11. a4 h6 12. Nc4 Be6 13. Na3 f5 14. Nb5 f4 15. d4 fxg3 16. hxg3 exd4 17. cxd4 Bg4 18. dxc5 dxc5 19. Qxd8 Raxd8 20. Nh2 Be6 21. Be3 Nd4 22. Nxd4 cxd4 23. Bd2 Nc6 24. f4 d3 25. e5 Bd5 26. Bxd5+ Rxd5 27. Nf3 Rfd8 28. Re4 Bf8 29. Kg2 b6 30. g4 Nd4 31. Nxd4 Rxd4 32.
Kf3 Bb4 33. Bxb4 Rxb4 34. Rxb4 axb4 35. Rd1 Kf7 36. Ke3 Ra8 37. b3 Rc8 38. Rxd3 Ke7 39. f5 1-0

[Event "*** Titled Tuesday Blitz"]
[Site "Chess.com"]
[Date "2021.02.02"]
[Round "1"]
[White "annacramling"]
[Black "TwentyHourADay"]
[Result "0-1"]
[WhiteElo "2083"]
[BlackElo "2499"]
[TimeControl "180+1"]
[EndTime "10:05:21 PST"]
[Termination "TwentyHourADay won by checkmate"]

1. d4 Nf6 2. c4 g6 3. Nc3 Bg7 4.
Qc2 O-O 5. e4 d6 6. h3 e5 7. d5 a5 8. Bg5 h6 9. Be3 Na6 10. Nf3 Nh5 11. g3 Nc5 12. Be2 f5 13.
Nh4 Nf4 14. Bxf4 exf4 15. Nxg6 fxg3 16. Nxf8 gxf2+ 17. Kf1 Qxf8 18. Bd3 fxe4 19. Nxe4 Qf3 20. Nxf2 Bd4 21. Bh7+ Kh8 22. Rg1 Bxh3+ 23. Ke1 Bxf2+ 24. Kd2 Qe3+ 25. Kd1 Bg4+ 26. Rxg4 Qe1# 0-1

[Event "*** Titled Tuesday Blitz"]
[Site "Chess.com"]
[Date "2021.02.02"]
[Round "1"]
[White "Genghis_K"]
[Black "Ave_Mariia"]
[Result "1-0"]
[WhiteElo "2925"]
[BlackElo "2468"]
[TimeControl "180+1"]
[EndTime "10:05:22 PST"]
[Termination "Genghis_K won by resignation"]

1. e4 c5 2. Nf3 d6 3. d4 cxd4 4. Nxd4 Nf6 5. Nc3 g6 6. Be3 Bg7 7. f3 O-O 8. Qd2 Nc6 9. O-O-O d5 10. Nxc6 bxc6 11. Bh6 Rb8 12. Bxg7 Kxg7 13. exd5 cxd5 14.
Nxd5 Qd6 15. Qc3 Rd8 16. Bc4 Be6 17. Nxf6 Qf4+ 18. Kb1 exf6 19. Bxe6 fxe6 20. g3 Qb4 21. Qxb4 Rxd1+ 22. Rxd1 Rxb4 23. Rd7+ Kh6 24. Rxa7 e5 25. c3 Rb6 26. a4 f5 27. Kc2 e4 28. fxe4 fxe4 29. Re7 Rf6 30. Rxe4 Rf2+ 31. Kb3 Rxh2 32. Rh4+ 1-0

[Event "*** Titled Tuesday Blitz"]
[Site "Chess.com"]
[Date "2021.02.02"]
[Round "1"]
[White "CakeinSpace2002"]
[Black "AtabayevSaparmyrat"]
[Result "0-1"]
[WhiteElo "2381"]
[BlackElo "2720"]
[TimeControl "180+1"]
[EndTime "10:05:22 PST"]
[Termination "AtabayevSaparmyrat won by resignation"]

1. e4 c5 2. Nf3 d6 3. d4 cxd4 4. Nxd4 e5 5. Bb5+ Bd7 6. Bxd7+ Qxd7 7. Nf5 Nf6 8. Nc3 Nxe4 9. Nxe4 Qxf5 10. Nxd6+ Bxd6 11.
Qxd6 Nc6 12. O-O Qxc2 13. Bg5 Qg6 14. Qd2 O-O 15. f4 h6 16. Bh4 exf4 17. Qxf4 Rfe8 18. Rf2 Re4 19. Qc7 Rxh4 20. Qxb7 Re8 21. Raf1 Ne5 22.
Qb5 Qe6 23. Kh1 Re4 24. Qb7 Rd4 25. b4 Qd7 26. Qa6 Nd3 27. Rf3 Nxb4 28. Qa5 Nc6 29.
Qc5 Rd1 30. h3 Rxf1+ 31. Rxf1 Ne5 32. a4 Nd3 33. Qc4 Ne5 34. Qb3 a5 35. Rd1 Qe6 36.
Qb5 Nc4 37. Rc1 Ne3 38. Qxa5 Nxg2 39. Kxg2 Qe2+ 40. Kh1 Qf3+ 41. Kg1 Qe3+ 0-1

[Event "*** Titled Tuesday Blitz"]
[Site "Chess.com"]
[Date "2021.02.02"]
[Round "1"]
[White "Andrakhanova"]
[Black "johnathan113"]
[Result "0-1"]
[WhiteElo "2256"]
[BlackElo "2569"]
[TimeControl "180+1"]
[EndTime "10:05:22 PST"]
[Termination "johnathan113 won by resignation"]

1. c4 Nf6 2. Nc3 g6 3. g3 c5 4.
Bg2 Bg7 5. Nf3 O-O 6. d4 cxd4 7.
Nxd4 Nc6 8. e3 Qa5 9. O-O Ne5 10.
Qb3 d6 11. Nd5 Nxd5 12. Bxd5 Bh3 13. Bg2 Bxg2 14. Kxg2 Qa6 15. Nb5 Rfc8 16. Bd2 Qc6+ 17. f3 Nxc4 18. Rac1 Nxd2 19. Rxc6 Nxb3 20. Rxc8+ Rxc8 21. axb3 Rc2+ 22. Rf2 Rxf2+ 23. Kxf2 a6 24. Nd4 Bxd4 25.
exd4 e5 26. d5 f5 27. g4 Kf7 28. g5 Ke7 29. Ke3 Kd7 30. Kd3 Kc7 31. Kc4 Kb6 32.
h4 Ka5 33. b4+ Kb6 34. b3 e4 35. fxe4 fxe4 0-1

[Event "*** Titled Tuesday Blitz"]
[Site "Chess.com"]
[Date "2021.02.02"]
[Round "1"]
[White "L1m96"]
[Black "fridaywins"]
[Result "1-0"]
[WhiteElo "2509"]
[BlackElo "2127"]
[TimeControl "180+1"]
[EndTime "10:05:22 PST"]
[Termination "L1m96 won by resignation"]

1. d4 Nf6 2. c4 g6 3. Nc3 Bg7 4. Nf3 O-O 5. g3 d6 6. Bg2 c6 7. O-O Bf5 8. Nh4 Be6 9. b3 Qa5 10. Bb2 d5 11. cxd5 cxd5 12. Rc1 Nc6 13. Na4 Nd7 14.
Bc3 Qa6 15. Qd2 b5 16. Nc5 Nxc5 17. dxc5 Rad8 18. Bxg7 Kxg7 19. e3 f6 20. Nf3 Bf7 21.
Nd4 e5 22. Nxc6 Qxc6 23. b4 a6 24. Rfd1 Rd7 25. Rc3 Rfd8 26. Rd3 h6 27. h4 g5 28. hxg5 hxg5 29. f4 Be6 30. fxg5 f5 31. Qc3 Qc7 32. c6 Re7 33. Bxd5 Bxd5 34. Rxd5 Rxd5 35. Rxd5 Kg6 36. Qc5 e4 37. Kg2 Kxg5 38. Rxf5+ 1-0

[Event "*** Titled Tuesday Blitz"]
[Site "Chess.com"]
[Date "2021.02.02"]
[Round "1"]
[White "Savagelittlemole"]
[Black "Sychev_Klementy"]
[Result "0-1"]
[WhiteElo "2460"]
[BlackElo "2900"]
[TimeControl "180+1"]
[EndTime "10:05:24 PST"]
[Termination "Sychev_Klementy won by resignation"]

1. e4 d6 2. Nf3 Nf6 3. Nc3 Nc6 4. d4 g6 5. Bb5 a6 6. Bxc6+ bxc6 7. h3 Bg7 8. O-O O-O 9. Be3 Rb8 10. Rb1 Nd7 11. Ne2 Re8 12. c3 e5 13. dxe5 Nxe5 14. Nxe5 Rxe5 15. Nd4 Bd7 16. Qd3 Qe8 17. f3 f5 18.
Bf4 fxe4 19. Qxa6 Re7 20. Bg5 Rf7 21. fxe4 Rxf1+ 22. Rxf1 c5 23. Qc4+ Kh8 24. Nf3 Bb5 25.
Qd5 Bxf1 26. Kxf1 Rxb2 27. Bd2 h6 28. Kg1 Kh7 29. a3 Qa4 30. Nh4 Qd1+ 31. Kh2 Be5+ 0-1